AoeStats
← stefan

Black Forest

508899013Analyzed
4v4 RM · 6d ago on Sep 24, 2026· 49m 55s· 8 players
Game mode
Random Map
Map size
Large (8 player)
Population
200
Speed
Normal
Resources
Standard
Victory
Conquest
Starting age
Dark Age
Ending age
Imperial Age
RankedLock teamsTeams togetherTeam positionsShared explorationLock speedFull tech treeHidden civsTurbo modeCheats
Victory
Defeat
🇺🇸 Japanese · United States
855
+14
🇺🇸 Vietnamese · United States
813
+16
🇺🇸 Persians · United States
808
+16
🇨🇱 Malians · Chile
782
+18
🇪🇸 Japanese · Spain
840
-17
🇪🇸 Burgundians · Spain
829
-17
🇫🇷 Muisca · France
807
-16
🇺🇦 Sicilians · Ukraine
766
-14
Ryô Saeba
0:46 Loom
12:55 Feudal Age
14:12 Double-Bit Axe
19:37 Castle Age
18:43 Gold Mining
19:19 Horse Collar
22:23 Redemption
23:00 Wheelbarrow
28:04 Sanctity
28:03 Heavy Plow
28:29 Fletching
28:59 Fervor
29:14 Hand Cart
30:00 Fishing Lines
32:15 Murder Holes
32:33 Masonry
32:05 Treadmill Crane
32:48 Ballistics
35:23 Imperial Age
33:17 Town Watch
33:56 Bow Saw
35:21 Padded Archer Armor
36:24 Block Printing
36:20 Bodkin Arrow
◄ Bikar ►
0:34 Loom
13:07 Feudal Age
17:02 Castle Age
15:43 Fishing Lines
18:59 Wheelbarrow
18:45 Double-Bit Axe
18:57 Horse Collar
19:49 Town Watch
26:09 Bow Saw
26:22 Gillnets
28:04 Gold Mining
28:07 Stone Mining
29:21 Caravan
32:35 Imperial Age
30:16 Pikeman
30:56 Squires
31:30 Heavy Plow
31:49 Hand Cart
32:19 Crossbowman
33:15 Fortified Wall
32:47 Treadmill Crane
33:44 Conscription
34:41 Halberdier
34:57 Capped Ram
35:52 Onager
37:25 Cavalier
38:06 Husbandry
38:20 Bloodlines
37:51 Elite Skirmisher
39:55 Scale Barding Armor
40:00 Forging
39:46 Fletching
39:57 Padded Archer Armor
39:57 Scale Mail Armor
40:33 Kataparuto
41:47 Chain Barding Armor
42:15 Light Cavalry
49:37 Block Printing
49:50 Illumination
50:07 Theocracy
Pelanuski
1:19 Loom
12:42 Feudal Age
13:15 Feudal Age
18:16 Castle Age
16:07 Horse Collar
17:14 Double-Bit Axe
26:48 Bow Saw
28:02 Wheelbarrow
29:26 Ballistics
29:02 Murder Holes
29:00 Fletching
29:12 Scale Mail Armor
31:23 Guilds
34:34 Imperial Age
32:21 Hand Cart
31:51 Town Watch
32:21 Treadmill Crane
34:19 Burgundian Vineyards
34:18 Husbandry
34:33 Elite Skirmisher
35:57 Conscription
36:29 Heavy Plow
37:33 Two-Man Saw
37:42 Crop Rotation
37:19 Cavalier
37:25 Crossbowman
39:24 Elite Coustillier
43:30 Bodkin Arrow
43:46 Forging
43:53 Chain Mail Armor
43:38 Padded Archer Armor
43:44 Scale Barding Armor
45:14 Chemistry
44:50 Bracer
45:48 Town Patrol
45:53 Flemish Revolution
stefan
6:31 Loom
13:20 Feudal Age
14:12 Double-Bit Axe
14:10 Horse Collar
15:24 Fishing Lines
17:03 Gold Mining
20:55 Wheelbarrow
20:15 Stone Mining
24:08 Scale Mail Armor
24:20 Forging
26:33 Castle Age
25:13 Fletching
25:23 Padded Archer Armor
27:58 Bow Saw
27:49 Heavy Plow
27:47 Gillnets
28:47 Bloodlines
28:38 Husbandry
29:29 Gold Shaft Mining
28:59 Squires
28:54 Gambesons
29:37 Hand Cart
31:01 Iron Casting
30:42 Chain Mail Armor
33:02 Chain Mail Armor
32:43 Bodkin Arrow
33:03 Leather Archer Armor
33:14 Ballistics
36:56 Imperial Age
34:39 Arson
34:14 Pikeman
35:23 Town Watch
35:58 Caravan
38:07 Crop Rotation
37:02 Elite Serjeant
37:12 Halberdier
39:18 Chemistry
38:04 Arrowslits
38:15 Murder Holes
38:30 Masonry
39:29 Bracer
38:54 Heavy Mounted Crossbowman
38:55 Cranequins
39:26 Heavy Scorpion
40:22 Town Patrol
43:05 Blast Furnace
42:35 Plate Mail Armor
41:31 Halberdier
47:02 Onager
47:16 Elite Skirmisher
Booger Flicker X
2:20 Loom
9:43 Feudal Age
10:20 Double-Bit Axe
14:15 Fishing Lines
21:03 Castle Age
22:15 Gillnets
22:37 Bow Saw
22:11 Horse Collar
23:07 Wheelbarrow
24:50 Heavy Plow
26:40 Gold Mining
26:58 Stone Mining
29:45 Imperial Age
27:36 Hand Cart
28:07 Fletching
28:17 Padded Archer Armor
28:32 Forging
28:23 Scale Mail Armor
29:41 Bodkin Arrow
30:21 Iron Casting
30:02 Chain Mail Armor
29:28 Treadmill Crane
29:44 Murder Holes
30:09 Ballistics
29:54 Guard Tower
30:35 Bracer
31:25 Keep
30:43 Arrowslits
32:08 Chemistry
31:46 Yasama
32:16 Kataparuto
32:31 Conscription
33:14 Blast Furnace
34:24 Gold Shaft Mining
34:18 Masonry
34:33 Siege Engineers
34:38 Elite Samurai
35:54 Plate Mail Armor
41:23 Padded Archer Armor
Husky
13:24 Feudal Age
14:19 Horse Collar
14:28 Double-Bit Axe
14:35 Gold Mining
16:30 Stone Mining
24:34 Castle Age
26:00 Heavy Plow
26:13 Bow Saw
25:59 Loom
30:14 Wheelbarrow
31:54 Hand Cart
33:31 Gold Shaft Mining
37:55 Imperial Age
38:10 Scale Barding Armor
38:05 Scale Mail Armor
38:16 Forging
38:27 Padded Archer Armor
38:17 Fletching
38:35 Elite War Elephant
40:31 Chain Mail Armor
40:37 Chain Barding Armor
40:15 Bodkin Arrow
42:25 Iron Casting
42:23 Plate Mail Armor
44:18 Crop Rotation
47:12 Blast Furnace
huntrixLoL
1:17 Loom
13:20 Feudal Age
13:53 Double-Bit Axe
13:49 Horse Collar
21:10 Castle Age
21:58 Fletching
22:12 Padded Archer Armor
22:08 Gold Mining
23:37 Bodkin Arrow
23:58 Leather Archer Armor
26:24 Crossbowman
28:26 Thumb Ring
30:02 Stone Mining
30:02 Town Watch
31:20 Stone Shaft Mining
32:50 Heavy Plow
33:02 Bow Saw
37:52 Imperial Age
39:03 Arbalester
43:31 Paper Money
46:42 Ring Archer Armor
46:14 Bracer
48:05 Ballistics
48:46 Chemistry
セバスティアン
0:51 Loom
10:51 Feudal Age
16:06 Castle Age
14:48 Fletching
15:32 Padded Archer Armor
16:31 Double-Bit Axe
17:37 Man-at-Arms
20:02 Bodkin Arrow
19:53 Crossbowman
22:00 Leather Archer Armor
23:17 Bow Saw
33:26 Imperial Age
31:05 Horse Collar
31:33 Gold Mining
33:27 Ballistics
33:15 Thumb Ring
33:28 Fishing Lines
34:37 Ring Archer Armor
35:12 Chemistry
34:06 Arbalester
35:49 Gold Shaft Mining
35:19 Heavy Plow
37:49 Crop Rotation
38:14 Forging
38:04 Scale Mail Armor
39:14 Wheelbarrow
39:10 Squires
38:30 Long Swordsman
38:56 Arson
38:52 Capped Ram
40:59 Iron Casting
40:39 Chain Mail Armor
40:02 Two-Handed Swordsman
41:16 Hand Cart
43:05 Plate Mail Armor
42:59 Conscription
44:28 Champion
49:51 Scale Barding Armor
49:52 Stone Mining
Connection lost

Rejoining the realm…

Still unreachable

The connection could not be restored.

Session expired

The server has moved on; the page needs a fresh start.